Banto, lawful female human Samurai -------- ---- ------ |..--..| ---- .--.## ---..| --.|..-- --......-- |..-- ------- ....*# |....---......---|........| |...--- |.....--- #-.....* ---...............|-........-- ------....| --......| *........ |.....-----.....-.|..........| ---..|......| |......|-- #*.-......- |....-- ----..........---..-----....|.-....------- --...|.--..--..........| |.---- |................>...@q...............|--...---|.........).....| |.| -------.......----...........-----------.--...-| -- -........*|..| |.| |..---|...|....---..........)-- |.......| -........*....| |.| --....-|...|.................*.---- ---.....-- .--.............| |.-- |......|......................)...---- |......---)............<-- |..| |..--....--.........----.............| ---.-)...........|.....-- --..| ----|..-----.........| |.............---- |..........--.---....| |...| ---- ----.....-- --...............| ---........---- ------ --.-- --.---- |...............-- |.........| --- --- |..........--....-- ---...--.-- --.......-------..| -------- |......-- |..| |..|.--- ---- ------ Banto the Kunoichi Experience level: 9 Strength: 25 Dexterity: 17 Constitution: 18 Intelligence: 9 Wisdom: 8 Charisma: 6 Health: 0(85) Energy: 29(29) AC: -1 Gold: 3499 Moves: 5871 Your Inventory: Coins $ - 3499 gold pieces Amulets m - an uncursed amulet versus poison (being worn) Weapons a - an uncursed rusty +0 katana (weapon in hand) b - an uncursed +3 wakizashi (wielded in other hand) c - a blessed +0 yumi d - 20 uncursed +0 ya (in quiver) Armor n - an uncursed rusty +0 pair of gauntlets of power (being worn) u - an [uncursed] +0 chain mail (being worn) v - a [blessed] +0 dwarvish cloak (being worn) w - an [uncursed] +0 pair of iron shoes (being worn) O - a cursed +0 Hawaiian shirt (being worn) P - a cursed +0 dwarvish iron helm (being worn) Comestibles h - a [cursed] cram ration i - a [cursed stale] egg k - an [uncursed] slime mold t - 7 uncursed gunyoki Scrolls g - a [cursed] scroll of identify I - 3 uncursed scrolls of magic mapping J - a blessed scroll of earth K - a blessed scroll of identify R - 2 uncursed scrolls of identify T - an uncursed scroll of confuse monster U - 2 uncursed unlabeled scrolls [of blank paper] V - 2 blessed unlabeled scrolls [of blank paper] Y - an [uncursed] scroll of flood Z - a [blessed] scroll of magic mapping Potions e - an [uncursed] potion of extra healing j - a [cursed] amber potion [of object detection] r - 2 [uncursed] amber potions [of object detection] s - a [cursed] clear potion [of unholy water] x - a [cursed] effervescent potion [of hallucination] y - an [uncursed] golden potion [of speed] X - an [uncursed] brown potion [of levitation] Rings l - a cursed ring of regeneration (on right hand) Tools o - an [uncursed] key [skeleton key] E - an uncursed [+0] unicorn horn L - a cursed credit card Gems B - an uncursed black gem [worthless glass] M - an uncursed green gem [turquoise] Spells known in the end: Name Level Category Fail Memory Your skills at the end: Fighting Skills martial arts [Basic / Master] two weapon combat [Skilled / Expert] body armor [Basic / Expert] Weapon Skills short sword [Basic / Expert] long sword [Basic / Expert] bow [Basic / Expert] Spellcasting Skills Final Attributes: You were piously aligned. Hunger level was 693. Your alignment was 37 / 39. Monster difficulty range was 1 - 7. Level difficulty was 6. You were immune to poison. You were telepathic. You regenerated. You were fast. You were wielding two weapons at once. You were lucky (1). You are dead. Vanquished creatures: a shopkeeper 3 ghosts a mind flayer a small mimic a large cat a leocrotta a chameleon 2 wolves a leprechaun an ice vortex an owlbear 2 lizards 2 dogs 2 housecats a jaguar a blue jelly a gray unicorn 2 dust vortices a raven a plains centaur a gnome mummy a snake 4 apes a Woodland-elf a snow ant 2 imps 2 wood nymphs a mountain nymph 2 Mordor orcs an Uruk-hai 4 enormous rats a yellow light a shrieker a violet fungus 9 gnome lords 3 gnomish wizards a kobold mummy a red naga hatchling 3 elf zombies a ghoul a paper golem 6 giant ants 2 floating eyes 4 dwarves a homunculus 5 rothes a rabid rat 3 monkeys 3 dwarf zombies a werejackal 2 iguanas 2 killer bees an acid blob 5 manes a hobgoblin 2 giant rats a yellow mold a green mold 34 gnomes 3 garter snakes a gecko 5 jackals a fox a kobold a goblin 2 sewer rats 8 grid bugs a bat 5 lichens 6 kobold zombies 7 newts 185 creatures vanquished. Voluntary challenges: You used a wielded weapon 211 times. You read items or engraved 6 times. You put on armor 14 times. You never genocided any monsters. You never polymorphed an object. You never changed form. You used no wishes. You never wrote Elbereth's name. You encountered 3 bones levels. You never used any Sokoban shortcuts. Dungeon overview: The Dungeons of Doom: levels 1 to 6 Level 1 a fountain a long staircase Level 3 an armor shop stairs to The Gnomish Mines Level 4 a fountain Level 6 a fountain The Gnomish Mines: levels 4 to 8 Level 4 stairs to The Dungeons of Doom Level 6 <- You were here Level 7 many shops, a temple to Amaterasu Omikami, a magic chest, some fountains History has recorded: On T:1 you entered the Dungeons of Doom to retrieve the Amulet of Yendor! On T:269 you advanced to experience level 2. On T:500 you reached level 2 of The Dungeons of Doom. On T:784 you reached level 3 of The Dungeons of Doom. On T:950 you advanced to experience level 3. On T:1124 you advanced to experience level 4. On T:1277 you reached level 4 of The Dungeons of Doom. On T:1291 you advanced to experience level 5. On T:1754 you advanced to experience level 6. On T:1987 you reached level 5 of The Dungeons of Doom. On T:2264 you advanced to experience level 7. On T:2580 you reached level 6 of The Dungeons of Doom. On T:2988 you advanced to experience level 8. On T:3316 you reached level 1 of The Gnomish Mines. On T:3939 you reached level 2 of The Gnomish Mines. On T:4501 you reached level 3 of The Gnomish Mines. On T:4506 you advanced to experience level 9. On T:4741 you reached level 4 of The Gnomish Mines. On T:5261 you reached level 5 of The Gnomish Mines. Latest messages: You hear crashing rock. [HP-1=84] [HP+1=85] You hear rumbling in the distance. You hear crashing rock. You stop for the hobbit. You see here 6 rocks. You miss the mumak. The mumak butts! The mumak bites! [HP-33=52] You miss the mumak. [HP+1=53] You miss the mumak. [HP+1=54] You miss the mumak. The mumak butts! The mumak bites! [HP-27=27] You miss the mumak. The mumak butts! The mumak bites! You die... Final status: Sayonara Banto the Samurai... You died in The Gnomish Mines on dungeon level 6 with 3500 points, and 3499 pieces of gold, after 5871 moves. You were level 9 with a maximum of 85 hit points when you died.